 Dungeon Crawl Stone Soup version 0.19.1 (webtiles) character file.

515 Llamajah the Shield-Bearer (level 7, -2/55 HPs)
             Began as a Formicid Fighter on May 24, 2017.
             Killed from afar by Eustachio (7 damage)
             ... with a wand of flame
             ... on level 5 of the Dungeon.
             The game lasted 00:13:59 (3648 turns).

Llamajah the Shield-Bearer (Formicid Fighter)       Turns: 3648, Time: 00:13:59

Health: -2/55      AC:  9    Str: 23    XL:     7   Next: 44%
Magic:  7/7        EV:  6    Int:  7    God:
Gold:   152        SH: 17    Dex: 10    Spells: 0 memorised, 6 levels left

rFire  . . .     SeeInvis +     a - +0 war axe
rCold  . . .     Gourm    .     v - +0 chain mail
rNeg   . . .     Faith    .     i - +2 large shield
rPois  .         Spirit   .     (helmet unavailable)
rElec  .         Reflect  .     (no cloak)
rCorr  .         Harm     .     (no gloves)
MR     .....                    (no boots)
Stlth  ..........               (no amulet)
                                (no ring)
                                j - ring of loudness (curse)

@: very slightly contaminated, invisible
A: permanent stasis, dig shafts and tunnels, four strong arms, antennae 3
a: Dig, Shaft Self


You were on level 5 of the Dungeon.
You were hungry.

You visited 1 branch of the dungeon, and saw 5 of its levels.

You collected 152 gold pieces.

Inventory:

Hand Weapons
 a - a +0 war axe (weapon)
 h - a +0 flail of holy wrath
 w - a +0 morningstar
Armour
 b - a +0 scale mail
 c - a +0 shield
 i - a +2 large shield (worn)
 v - a +0 chain mail (worn)
Jewellery
 j - a cursed ring of loudness (left hand)
Wands
 g - a wand of iceblast (11/15)
Scrolls
 e - 2 scrolls of fog
 k - 2 scrolls of fear
 o - a scroll of magic mapping
Potions
 d - a potion of heal wounds {unknown}
 l - a potion of curing {unknown}
 m - 2 potions of flight
 r - a potion of mutation
 t - a potion of haste
Comestibles
 f - 7 bread rations
 n - a meat ration
 p - a slice of pizza
 q - a fruit


   Skills:
 + Level 4.5 Fighting
 + Level 3.4(3.7) Axes
 + Level 1.8(2.9) Maces & Flails
 + Level 4.3 Armour
 + Level 2.6 Dodging
 * Level 5.8 Shields
 + Level 0.0 Evocations


You had 6 spell levels left.
You didn't know any spells.

Dungeon Overview and Level Annotations

Branches:
Dungeon (5/15)
 Temple: D:4-7

Altars:

Annotations:
D:5 Eustachio


Innate Abilities, Weirdness & Mutations

You are under a permanent stasis effect.
You can dig through walls and to a lower floor.
Your four strong arms can wield two-handed weapons with a shield.
You have a pair of large antennae on your head. (SInv)


Message History

The river rat bites you but does no damage.
Eustachio hits you with a falchion.
* * * LOW HITPOINT WARNING * * *
You closely miss Eustachio.
Eustachio is almost dead.
Your shield and chain mail prevent you from hitting the bat.
You hit the river rat. The bat hits you but does no damage.
You block the river rat's attack.
Eustachio asks, "How can you live without manners, virtues and honour?"
You block Eustachio's attack.
You hit Eustachio but do no damage.
Eustachio is almost dead.
You hit the rat.
You kill the rat!
The rat's corpse disappears in a puff of smoke!
You closely miss the river rat. You slash the river rat!
You block the bat's attack. You block the river rat's attack.
The river rat barely misses you.
Eustachio zaps a wand.
The puff of flame hits you!
You die...

.........# ###
.#####...# #....#
#......# #....#
#.....## #....#
#.....# #....# .
#.....# ###....###.#
#.....###...........
#..........ยง.r..#
#..........@@...#
+...........br...#
#######.......!..#
.?...........#
............##
.............#
.........#####
........#


You could see Eustachio, 2 river rats and a bat.

Vanquished Creatures
  Purgy (D:4)
  A phantom (D:4)
  Blork the orc (D:4)
  2 scorpions
  A crimson imp (D:5)
  An orc wizard (D:3)
  3 adders (D:3)
  An ooze (D:4)
  A worm (D:3)
  2 dart slugs (D:4)
  3 leopard geckos
  9 orcs
  2 ball pythons
  4 giant cockroaches
  5 goblins
  4 hobgoblins
  5 jackals
  5 kobolds
  A quokka (D:4)
  3 bats
  4 frilled lizards
  A quokka skeleton (D:5)
  5 rats
65 creatures vanquished.

Notes
Turn   | Place    | Note
-------+----------+-------------------------------------------
     0 | D:1      | Llamajah the Formicid Fighter began the quest for the Orb.
     0 | D:1      | Reached XP level 1. HP: 18/18 MP: 1/1
    91 | D:1      | Reached XP level 2. HP: 21/24 MP: 2/2
   616 | D:2      | Reached XP level 3. HP: 29/29 MP: 3/3
   990 | D:3      | Reached skill level 4 in Shields
  1106 | D:3      | Reached skill level 1 in Dodging
  1106 | D:3      | Reached XP level 4. HP: 28/37 MP: 4/4
  1946 | D:3      | Reached XP level 5. HP: 26/42 MP: 5/5
  2105 | D:4      | Noticed Blork the orc
  2155 | D:4      | Noticed a phantom
  2574 | D:4      | Killed Blork the orc
  2574 | D:4      | Reached skill level 1 in Maces & Flails
  2574 | D:4      | Reached skill level 5 in Shields
  2574 | D:4      | Reached XP level 6. HP: 23/48 MP: 6/6
  2818 | D:4      | Killed a phantom
  3004 | D:4      | Reached XP level 7. HP: 53/55 MP: 7/7
  3039 | D:4      | Noticed Purgy
  3099 | D:4      | Killed Purgy
  3510 | D:5      | Entered Level 5 of the Dungeon
  3605 | D:5      | Noticed Eustachio
  3648 | D:5      | Killed from afar by Eustachio

Skill      XL: |  1  2  3  4  5 |
---------------+----------------+-----
Shields        | 4 5 |  5.8
Fighting       | 4 |  4.5
Dodging        | 1 2 |  2.6
Axes           | 3 |  3.4
Maces & Flails | 1 |  1.8
Armour         | 4 |  4.3

Action                   |  1- 3 |  4- 6 |  7- 9 || total
-------------------------+-------+-------+-------++-------
Melee: War axe           |    95 |    88 |   124 ||   307
       Morningstar       |       |    54 |       ||    54
  Use: Scroll            |       |     8 |     1 ||     9
       Potion            |       |       |     3 ||     3
 Stab: Invisible         |       |       |     1 ||     1
  Eat: Chunk             |     1 |     5 |     1 ||     7
       Fruit             |       |     1 |     1 ||     2
Armor: Scale mail        |    37 |       |       ||    37
       Chain mail        |       |    49 |   103 ||   152
Dodge: Dodged            |    18 |    14 |    33 ||    65
Block: Shield            |     8 |       |       ||     8
       Large shield      |    70 |   138 |   180 ||   388
